 Dungeon Crawl Stone Soup version 0.17.0-27-g4a3f43e (webtiles) character file.

275 Ivanskos the Covered (level 6, -5/56 HPs)
             Began as a Deep Dwarf Fighter on Nov 21, 2015.
             Slain by a scorpion (6 damage)
             ... on level 4 of the Dungeon.
             The game lasted 00:11:39 (2701 turns).

Ivanskos the Covered (Deep Dwarf Fighter)           Turns: 2701, Time: 00:11:39

Health: -5/56      AC:  7    Str: 20    XL:     6   Next: 3%
Magic:  6/6        EV:  8    Int:  9    God:
Gold:   218        SH: 10    Dex: 13    Spells: 0 memorised, 5 levels left

rFire  . . .     SeeInvis .     a - +0 war axe
rCold  . . .     Clarity  .     b - +0 scale mail
rNeg   . . .     SustAt   .     c - +0 shield
rPois  .         Gourm    .     (no helmet)
rElec  .         Spirit   .     (no cloak)
rCorr  .         Warding  .     (no gloves)
rMut   .         Stasis   .     (no boots)
MR     .....                    (no amulet)
Stlth  ..........               (no ring)
                                (no ring)

@: lethally poisoned (-5 -> -5), non-regenerating, not resistant to hostile
enchantments, extremely unstealthy
A: damage resistance, recharge devices, sense surroundings 1, slow regeneration
3
a: Device Recharging


You were on level 4 of the Dungeon.
You were not hungry.

You visited 1 branch of the dungeon, and saw 4 of its levels.

You collected 218 gold pieces.

Inventory:

Hand Weapons
 a - a +0 war axe (weapon)
Armour
 b - a +0 scale mail (worn)
 c - a +0 shield (worn)
Jewellery
 m - an uncursed ring of wizardry {unknown}
Wands
 e - a wand of heal wounds (1)
Scrolls
 h - 2 scrolls of remove curse
 k - a scroll of fear
 o - a scroll of blinking
 p - a scroll of identify
Potions
 d - a potion of might
 g - a potion of curing {unknown}
 i - a potion of resistance {unknown}
 j - 3 potions of haste
 l - a potion of agility {unknown}
 n - a potion of brilliance {unknown}
 q - a potion of cancellation {unknown}
 r - a potion of lignification {unknown}
 s - a potion of magic {unknown}
Comestibles
 f - 3 bread rations


   Skills:
 + Level 3.6 Fighting
 + Level 3.6 Axes
 + Level 4.4 Armour
 + Level 2.5 Dodging
 + Level 4.4 Shields


You had 5 spell levels left.
You didn't know any spells.

Dungeon Overview and Level Annotations

Branches:
Dungeon (4/15)
 Temple: D:4-7

Altars:


Innate Abilities, Weirdness & Mutations

You are resistant to damage.
You can recharge devices by infusing magical energy.
You passively map a small area around you.
You do not regenerate naturally.


Message History

You block the iguana's attack. x2
You hit the iguana but do no damage.
The iguana is heavily wounded.
You block the iguana's attack.
You hit the iguana but do no damage.
The iguana is heavily wounded.
You block the iguana's attack. The iguana bites you.
* * * LOW HITPOINT WARNING * * *
You slash the iguana!
The iguana is almost dead.
The iguana bites you!
* * * LOW HITPOINT WARNING * * *
You slash the iguana!
You kill the iguana!
You have reached level 6!
Your experience leads to an increase in your attributes!
Increase (S)trength, (I)ntelligence, or (D)exterity?
You feel stronger. The scorpion stings you!
You die...

, ...#.##...##.#*
..#
,#....#.#.##.##.#.#
##.#...............,
*
......#.#.#..##.#.#
##.....#....##.#
#.#...###.....#, , ,
#.............#, * *
#####.#.##s##.# *
#.#.##@##.#.# **
#.#.........# ,*
#...##.##.#.#
######.#* .., , *
#.# .# #.# , # ,
#<#* * , , ###


You could see a scorpion.

Vanquished Creatures
  Ijyb (D:1)
  Jessica (D:2)
  Natasha (D:1)
  An iguana (D:4)
  Robin (D:3)
  6 gnolls (D:2)
  An adder (D:2)
  5 worms
  2 orcs (D:3)
  5 giant cockroaches
  11 goblins
  9 hobgoblins
  5 jackals
  10 kobolds
  A quokka (D:3)
  2 ball pythons
  8 bats
  4 giant geckos
  6 giant newts
  2 rats (D:2)
82 creatures vanquished.

Notes
Turn   | Place    | Note
--------------------------------------------------------------
     0 | D:1      | Ivanskos the Deep Dwarf Fighter began the quest for the Orb.
     0 | D:1      | Reached XP level 1. HP: 20/20 MP: 1/1
   150 | D:1      | Reached XP level 2. HP: 24/27 MP: 2/2
   863 | D:2      | Noticed Natasha
   863 | D:2      | Noticed Ijyb
   872 | D:1      | Killed Natasha
   872 | D:1      | Reached XP level 3. HP: 20/34 MP: 3/3
   892 | D:1      | Killed Ijyb
   892 | D:1      | Reached skill level 1 in Dodging
   892 | D:1      | Reached XP level 4. HP: 24/42 MP: 4/4
   914 | D:2      | Reached skill level 4 in Armour
  1019 | D:2      | HP: 2/42 [gnoll/flail (9)]
  1146 | D:2      | Noticed Jessica
  1150 | D:2      | Killed Jessica
  1150 | D:2      | Reached XP level 5. HP: 32/49 MP: 5/5
  1840 | D:3      | Noticed Robin
  1847 | D:3      | Killed Robin
  2700 | D:4      | HP: 1/49 [iguana (5)]
  2701 | D:4      | Reached XP level 6. HP: 1/56 MP: 6/6
  2701 | D:4      | Slain by a scorpion

Action                   |  1- 3 |  4- 6 || total
-------------------------+-------+-------++-------
Melee: War axe           |    89 |   175 ||   264
Evoke: Wand              |       |     4 ||     4
  Use: Scroll            |       |     5 ||     5
 Stab: Distracted        |       |     1 ||     1
  Eat: Meat ration       |       |     2 ||     2
